 Dungeon Crawl Stone Soup version 0.22-a0-63-geddfa9b (webtiles) character file.

84 Klosterheim the Poker (level 4, -1/34 HPs)
             Began as a Merfolk Skald on Jan 10, 2018.
             Slain by a killer bee zombie (6 damage)
             ... on level 3 of the Dungeon.
             The game lasted 00:05:00 (2606 turns).

Klosterheim the Poker (Merfolk Skald)               Turns: 2606, Time: 00:05:01

Health: -1/34      AC:  6    Str: 14    XL:     4   Next: 46%
Magic:  7/7        EV: 11    Int: 13    God:
Gold:   121        SH:  0    Dex: 13    Spells: 5/8 levels left

rFire    . . .     SeeInvis .   a - +0 spear
rCold    . . .     Gourm    .   (no shield)
rNeg     . . .     Faith    .   o - +0 ring mail
rPois    .         Spirit   .   j - +0 helmet
rElec    .         Reflect  .   (no cloak)
rCorr    +         Harm     .   (no gloves)
MR       .....                  (no boots)
Stlth    +.........             (no amulet)
HPRegen  0.11/turn              p - +3 ring of strength
MPRegen  0.10/turn              m - ring of resist corrosion

@: no status effects
A: change form in water, swift swim, stealthy swim
a: no special abilities


You were on level 3 of the Dungeon.
You were hungry.

You visited 1 branch of the dungeon, and saw 3 of its levels.

You collected 121 gold pieces.

Inventory:

Hand Weapons
 a - a +0 spear (weapon)
 n - a +0 hunting sling
Armour
 b - a +0 leather armour
 j - a +0 helmet (worn)
 o - a +0 ring mail (worn)
 q - a +0 chain mail
Jewellery
 m - a ring of resist corrosion (right hand)
 p - a +3 ring of strength (left hand)
Scrolls
 f - 3 scrolls of teleportation {unknown}
 h - 4 scrolls of identify {unknown}
 k - a scroll of random uselessness {unknown}
 l - a scroll of enchant weapon {unknown}
 t - 2 scrolls of remove curse {unknown}
 u - a scroll of enchant armour {unknown}
Potions
 e - 2 potions of cancellation {unknown}
 g - a potion of haste {unknown}
 i - a potion of lignification {unknown}
 r - a potion of curing {unknown}
 s - a potion of degeneration {unknown}
 v - a potion of berserk rage {unknown}
Books
 c - a book of Battle

   Spells                             Type                      Level
   a - Infusion                       Charms                       1
   b - Shroud of Golubria             Charms/Translocation         2
   c - Song of Slaying                Charms                       2
   d - Spectral Weapon                Hexes/Charms                 3
   e - Regeneration                   Charms/Necromancy            3
Comestibles
 d - 3 rations


   Skills:
 + Level 2.9 Fighting
 * Level 4.8 Polearms
 - Level 0.6 Armour
 - Level 2.6 Dodging
 + Level 2.5 Spellcasting
 + Level 3.8 Charms


You had 5 spell levels left.
You knew the following spells:

 Your Spells              Type           Power        Failure   Level  Hunger
a - Infusion              Chrm           ##..         10%         1    #......
b - Song of Slaying       Chrm           ##......     16%         2    ###....


Dungeon Overview and Level Annotations

Branches:
Dungeon (3/15)

Altars:
Okawaru


Message History

You are too injured to fight recklessly!
You are too injured to fight recklessly!
You are too injured to fight recklessly!
You are too injured to fight recklessly!
You are too injured to fight recklessly!
You are too injured to fight recklessly!
You barely miss the killer bee zombie.
The killer bee zombie is severely damaged.
The killer bee zombie hits you.
You hit the killer bee zombie.
The killer bee zombie is almost destroyed.
The killer bee zombie hits you.
* * * LOW HITPOINT WARNING * * *
The killer bee zombie hits you.
* * * LOW HITPOINT WARNING * * *
The killer bee zombie hits you.
* * * LOW HITPOINT WARNING * * *
The killer bee zombie misses you. The killer bee zombie hits you.
You die...

### #.# #
######.#######.#####
#.....(...........##
#[####.#.#####.##.##
#.###....# #.##.##
########.##.....#
#......
................##
####.##
.#######.<.......#
##.## ###@......#
#.... #.Z...(.#
#..## ###...### #..#
#...# #..## #$....#
#.... #.......#
##.### #...!.....#
#...##
+.........'........
#.........####.....


You could see a killer bee zombie.

Vanquished Creatures
  2 adders (D:2)
  An ooze (D:1)
  2 worms (D:2)
  A dart slug (D:1)
  A leopard gecko (D:2)
  A ball python (D:1)
  10 bats
  2 giant cockroaches (D:2)
  5 goblins
  7 hobgoblins
  5 jackals (D:1)
  2 frilled lizards
  7 kobolds
  3 rats (D:1)
49 creatures vanquished.

Notes
Turn   | Place    | Note
-------+----------+-------------------------------------------
     0 | D:1      | Klosterheim the Merfolk Skald began the quest for the Orb.
     0 | D:1      | Reached XP level 1. HP: 16/16 MP: 3/3
   358 | D:1      | Reached XP level 2. HP: 11/23 MP: 5/5
   633 | D:1      | Learned a level 2 spell: Song of Slaying
   759 | D:1      | Reached XP level 3. HP: 16/28 MP: 4/6
   969 | D:1      | Reached skill level 4 in Polearms
  1994 | D:2      | Found a faded altar of an unknown god.
  2012 | D:2      | Reached XP level 4. HP: 34/34 MP: 7/7
  2112 | D:2      | Found an iron altar of Okawaru.
  2606 | D:3      | Slain by a killer bee zombie

Vault maps used:
D:1:      minmay_arrival_widening_spiral_narrow
D:2:      okawaru_gym_becter, chequers_ecumenical_altar_simple
D:3:      cheibrodos_greedy_goblins, overflow_temple_1_default, uniq_ijyb,
          uniq_crazy_yiuf_cottage

Skill      XL: |  1  2  3 |
---------------+----------+-----
Polearms       | 4 |  4.8
Fighting       | |  2.9
Armour         | |  0.6
Dodging        | |  2.6
Spellcasting   | |  2.5
Charms         | |  3.8

Action                   |  1- 3 |  4- 6 || total
-------------------------+-------+-------++-------
Melee: Spear             |   197 |    65 ||   262
 Cast: Song of Slaying   |     1 |       ||     1
 Stab: Sleeping          |     1 |       ||     1
  Eat: Chunk             |     4 |     1 ||     5
Armor: Leather armour    |    43 |       ||    43
       Ring mail         |    12 |    12 ||    24
Dodge: Dodged            |    95 |    17 ||   112

Table legend:
 A = Spawn XP
 B = Non-spawn XP
 C = Spawn XP percentage of total XP
 D = Spawn monster count
 E = Non-spawn monster count
 F = Spawn count percentage of total count
 G = Total turns spent on level
                    A         B        C        D         E        F      G
               +---------+---------+-------+---------+---------+-------+---------
         Total |       0 |     121 |   0.0 |       0 |      49 |   0.0 |  2606
               +---------+---------+-------+---------+---------+-------+---------
           D:1 |       0 |      50 |   0.0 |       0 |      26 |   0.0 |  1477
           D:2 |       0 |      67 |   0.0 |       0 |      21 |   0.0 |  1058
           D:3 |       0 |       4 |   0.0 |       0 |       2 |   0.0 |    71
               +---------+---------+-------+---------+---------+-------+---------
